 Dungeon Crawl Stone Soup version 0.31.0-12-g77e489cdc1 (webtiles) character file.

Game seed: 1270242553660877844

508 Killerpretzel the Changeling (level 7, -2/46 HPs)
             Began as an Octopode Shapeshifter on Mar 6, 2024.
             Was an Initiate of Vehumet.
             Slain by an orc
             ... wielding a +0 trident
              (3 damage)
             ... on level 6 of the Dungeon.
             The game lasted 00:07:03 (3449 turns).

Killerpretzel the Changeling (OpSh)                 Turns: 3449, Time: 00:07:04

Health: -2/46      AC:  1    Str: 13    XL:     7   Next: 18%
Magic:  7/7        EV: 13    Int: 13    God:    Vehumet [......]
Gold:   286        SH:  6    Dex: 13    Spells: 6/6 levels left

rFire   . .          .
                       - Unarmed
rCold   . . .        a - +2 buckler {reflect}
rNeg    . . .        (helmet currently unavailable)
rPois   .            m - amulet of regeneration
rElec   .            (no ring)
rCorr   .            (no ring)
SInv    .            (no ring)
Will    .....        (no ring)
Stlth   ++           (no ring)
HPRegen 1.07/turn    (no ring)
MPRegen 0.10/turn    (no ring)
                     (no ring)

%: reflection
@: beast-form
A: beast (slay +2), almost no armour, amphibious, 8 rings, camouflage 1,
gelatinous body 1, (nimble swimmer 1), tentacles
a: Begin Untransformation, Renounce Religion


You were on level 6 of the Dungeon.
You worshipped Vehumet.
Vehumet was noncommittal.
You were a hulking beast.
You visited 2 branches of the dungeon, and saw 7 of its levels.

You collected 286 gold pieces.

Inventory:

Armour
 a - a +2 buckler of reflection (worn)
 r - the +1 kite shield "Daicamn" {-Tele rPois rC+}
   (You found it on level 6 of the Dungeon)

   rC+:       It protects you from cold.
   rPois:     It protects you from poison -Tele: It prevents most forms of
   teleportation.
Jewellery
 e - a ring of fire
 g - an amulet of guardian spirit
 h - an amulet of reflection
 m - an amulet of regeneration (around mantle)
 q - a +4 ring of protection
Talismans
 b - a beast talisman
 c - a flux talisman
Scrolls
 l - 2 scrolls of noise
 u - a scroll of fog
Potions
 d - a potion of mutation
 f - 2 potions of might
 j - 6 potions of curing
 k - a potion of brilliance
 n - 3 potions of heal wounds
 o - 2 potions of degeneration
 p - a potion of attraction {unknown}
 s - a potion of enlightenment {unknown}
 v - a potion of haste {unknown}


   Skills:
 + Level 3.1 Fighting
 + Level 3.6 Dodging
 + Level 1.5 Shields
 + Level 4.4 Unarmed Combat
 * Level 5.0 Shapeshifting


You had 6 spell levels left.
You didn't know any spells.
Your spell library contained the following spells:

 Spells                   Type           Power      Damage    Failure   Level
 Mercury Vapours          Alch/Air       0%         N/A       54%         2
 Mephitic Cloud           Conj/Alch/Air  0%         N/A       77%         3
 Tukima's Dance           Hex            0%         N/A       77%         3
 Dimensional Bullseye     Hex/Tloc       0%         N/A       99%         4
 Iskenderun's Mystic Bla  Conj/Tloc      0%         2d3       99%         4
 Freezing Cloud           Conj/Ice/Air   0%         6-21      100%        5


Dungeon Overview and Level Annotations

Branches:
Dungeon (6/15)             Temple (1/1) D:5

Altars:
Elyvilon
Hepliaklqana
Kikubaaqudgha
Makhleb
Okawaru
Qazlal
Ru
Sif Muna
Trog
Vehumet
Xom
Zin
The Shining One

Shops:
D:5 **

Annotations:
D:5 exclusion: ice beast


Innate Abilities, Weirdness & Mutations

You are a hulking beast.
Your limbs bulge with bestial killing power. (Slay +2)
You cannot wear most types of armour.
You are amphibious.
You can wear up to eight rings at the same time.
Your skin changes colour to match your surroundings (Stealth+).
Your rubbery body absorbs attacks. (AC +1, EV +1)
((You are camouflaged when in or above water. (Stealth+)))
You have tentacles for arms and can constrict up to eight enemies at once.


Message History

The orc closely misses you.
You closely miss the centaur.
Your tentacle-slap misses the centaur.
The centaur is moderately wounded.
The centaur barely misses you.
The centaur kicks you but does no damage.
The orc closely misses you. x2
The centaur unwields a +0 dagger.
The centaur wields a +0 orcbow.
The centaur shoots an arrow.
The arrow misses you. The orc attacks as it pursues you!
The orc hits you from afar with a +0 trident.
* * * LOW HITPOINT WARNING * * *
A water moccasin comes into view.
The centaur shoots an arrow.
The arrow hits you!
* * * LOW HITPOINT WARNING * * *
The orc attacks as it pursues you! The orc barely misses you.
You bump into the rock wall.
You feel less invigorated.
You feel less confused.
The centaur unwields a +0 orcbow.
The centaur wields a +0 dagger.
The centaur barely misses you. The centaur kicks you.
* * * LOW HITPOINT WARNING * * *
An iguana comes into view.
The iguana hisses angrily.
The orc attacks as it pursues you! The orc closely misses you.
The centaur unwields a +0 dagger.
The centaur wields a +0 orcbow.
The centaur shoots an arrow.
The arrow barely misses you. The orc misses you.
The iguana moves out of view.
You barely miss the orc.
The water moccasin hisses angrily.
Your grab misses the orc. You squeeze the orc.
The orc is heavily wounded.
You block the orc's attack.
The centaur shoots an arrow.
You block the arrow with your +2 buckler of reflection... and reflect it back!
The arrow hits the orc!
You kill the orc!
Vehumet accepts your kill.
The centaur unwields a +0 orcbow.
The centaur wields a +0 dagger.
The centaur hits you with a +0 dagger.
* * * LOW HITPOINT WARNING * * *
The centaur closely misses you. The orc hits you with a +0 trident.
You die...

##### ...... #
...... .#
......# ..#
...S...#####(.
..l..>..#)..
#.#.# # #.h.#
.## #oc## #...
###S.# ...
#....###.#
#.#......#
#.##.<.### .
#....# #.
#...$# #
#...........


You could see a water moccasin, a centaur, an adder and an orc.

Vanquished Creatures
  Sigmund (D:2)
  A scorpion (D:5)
  A bombardier beetle (D:5)
  A hound (D:5)
  A sleepcap (D:4)
  3 iguanas
  An orc wizard (D:6)
  An adder (D:5)
  A white imp (D:5)
  3 dart slugs
  5 ribbon worms
  5 orcs
  2 ball pythons
  8 bats
  4 endoplasms
  3 giant cockroaches
  4 goblins
  3 hobgoblins
  3 jackals (D:4)
  2 quokkas
  5 frilled lizards
  3 kobolds
  4 rats (D:1)
65 creatures vanquished.

Notes
Turn   | Place    | Note
-------+----------+-------------------------------------------
     0 | D:1      | Killerpretzel the Octopode Shapeshifter began the quest for
                  | the Orb.
     0 | D:1      | Reached XP level 1. HP: 13/13 MP: 1/1
     1 | D:1      | You fall into a shaft and drop 1 floor!
    18 | D:2      | Noticed Sigmund
    28 | D:2      | Killed Sigmund
    29 | D:2      | Reached skill level 4 in Shapeshifting
    29 | D:2      | Reached XP level 2. HP: 19/19 MP: 2/2
    29 | D:2      | Reached XP level 3. HP: 24/24 MP: 3/3
    29 | D:2      | Reached XP level 4. HP: 29/29 MP: 4/4
    29 | D:2      | Reached XP level 5. HP: 34/34 MP: 5/5
   943 | D:1      | Found a hazy altar of Hepliaklqana.
  1240 | D:3      | Found a glowing golden altar of the Shining One.
  1525 | D:3      | Found a stormy altar of Qazlal.
  1728 | D:3      | Identified the +0 pair of gloves of Midwinter {rF- MP+9
                  | Int+3 SInv}
  1765 | D:3      | Identified a scroll of acquirement
  1765 | D:3      | Acquired a +2 buckler of reflection
  1857 | D:4      | Reached XP level 6. HP: 28/41 MP: 6/6
  2425 | D:4      | Found a shimmering blue altar of Sif Muna.
  2528 | D:5      | Entered Level 5 of the Dungeon
  2563 | D:5      | Reached skill level 1 in Shields
  2563 | D:5      | Found Qaprucs's General Store.
  2672 | D:5      | Found a staircase to the Ecumenical Temple.
  2754 | Temple   | Entered the Ecumenical Temple
  2763 | Temple   | Became a worshipper of Vehumet
  2808 | D:5      | Found Ruetrimij's Neck Hole.
  2827 | D:5      | Noticed an ice beast
  2885 | D:5      | Found a glowing silver altar of Zin.
  2891 | D:5      | Reached XP level 7. HP: 46/46 MP: 7/7
  2985 | D:5      | Found an iron altar of Okawaru.
  3340 | D:6      | Identified the +1 kite shield "Daicamn" {-Tele rPois rC+}
  3347 | D:6      | Reached skill level 5 in Shapeshifting
  3371 | D:6      | Noticed a yak
  3371 | D:6      | Noticed a yak
  3372 | D:6      | Noticed a yak
  3373 | D:6      | Noticed a yak
  3442 | D:6      | HP: 2/46 [centaur/+0 dagger (1)]
  3449 | D:6      | HP: 1/46 [centaur/+0 dagger (6)]
  3449 | D:6      | Slain by an orc

Illustrated notes

Levels and vault maps discovered:
D:1:      dpeg_arrival_lava_altar, layout_rooms, minmay_nonomino_d4
D:2:      layout_rooms, minmay_misc_feat_plants, uniq_sigmund
D:3:      layout_basic, mainiacjoe_overflow_boulevard,
          nicolae_tso_carved_into_rock
D:4:      cheibrodos_quashed, layout_loops_ring, hellmonk_sif_muna_bookshelves
D:5:      layout_basic, mainiacjoe_overflow_catch_the_wave,
          minmay_temple_entry_glassed_door, serial_shops, nicolae_diamond_shop,
          nicolae_shop_sticking_my_neck_out
D:6:      layout_rooms, cheibrodos_worm_habitat,
          mainiacjoe_overflow_six_doors_small, nzn_random_ring
Temple:   nicolae_temple_ecumenical_triangle

Skill      XL: |  1  2  3  4  5  6  7 |
---------------+----------------------+-----
Fighting       | 2 3 |  3.1
Dodging        | 3 |  3.6
Shapeshifting  | 4 5 |  5.0
Unarmed Combat | 4 |  4.4
Shields        | 1 |  1.5

Action                     |  1- 3 |  4- 6 |  7- 9 || total
---------------------------+-------+-------+-------++-------
  Melee: Unarmed           |     7 |   113 |    25 ||   145
         Constrict         |       |    30 |     5 ||    35
         Tentacles         |       |    26 |    10 ||    36
         Punch             |       |     5 |     2 ||     7
    Use: Potion            |     1 |       |     1 ||     2
         Scroll            |       |    11 |     5 ||    16
   Stab: Sleeping          |       |    14 |     1 ||    15
         Distracted        |       |     1 |       ||     1
 Armour: Skin              |     3 |    34 |    31 ||    68
  Dodge: Dodged            |       |    41 |    30 ||    71
  Block: Buckler           |       |    12 |    14 ||    26
         Reflection        |       |       |     2 ||     2
